 Dungeon Crawl Stone Soup version 0.31-a0-83-gbff143cfd1 (webtiles) character file.

Game seed: 17071666525390021528

1706 IdlyInterested the Trooper (level 8, -3/54 (64) HPs)
             Began as a Demonspawn Wanderer on May 24, 2023.
             Slain by a wight
             ... wielding a +0 flail
              (11 damage)
             ... on level 7 of the Dungeon.
             The game lasted 00:22:34 (5954 turns).

IdlyInterested the Trooper (Demonspawn Wanderer)    Turns: 5954, Time: 00:22:35

HP:   -3/54 (64)    AC: 17    Str: 11    XL:     8   Next: 73%
MP:   26/26         EV:  9    Int: 17    God:
Gold: 351           SH:  8    Dex: 13    Spells: 19/19 levels left

rFire   . . .        w - +0 war axe
rCold   + . .        T - +1 kite shield {AC+3}
rNeg    + . .        D - +2 leather armour {rC+}
rPois   .            (helmet restricted)
rElec   .            A - +0 cloak
rCorr   .            H - +0 pair of gloves
SInv    .            d - +0 pair of boots
Will    .....        v - amulet of regeneration
Stlth   ++           l - ring of positive energy
HPRegen 1.09/turn    F - ring of magical power
MPRegen 0.20/turn

%: no passive effects
@: sanguine armoured, heavily drained
A: horns 2, ignite blood 1, sanguine armour 1
a: no special abilities


You were on level 7 of the Dungeon.
You visited 2 branches of the dungeon, and saw 8 of its levels.

You collected 351 gold pieces.

Inventory:

Hand Weapons
 a - a +0 dagger
 c - a +0 morningstar
 t - a +2 vampiric dagger
 u - a +0 trident
 w - a +0 war axe (weapon)
 E - a +0 long sword
 O - a +0 rapier
 Z - a +0 battleaxe
Missiles
 f - 6 atropa-tipped darts
 k - 3 throwing nets
 B - 24 stones (quivered)
 C - 6 poisoned darts
 Y - 3 boomerangs
Armour
 d - a +0 pair of boots (worn)
 e - a +0 buckler
 p - a +0 plate armour
 x - an orb of light
 A - a +0 cloak (worn)
 D - a +2 leather armour of cold resistance (worn)
 H - a +0 pair of gloves (worn)
 T - a +1 kite shield of protection (worn)
Jewellery
 j - an amulet of faith
 l - a ring of positive energy (left hand)
 v - an amulet of regeneration (around neck)
 F - a ring of magical power (right hand)
 L - an amulet of the acrobat
 P - a ring of fire
Wands
 o - a wand of flame (9)
 G - a wand of iceblast (26)
 K - a wand of quicksilver (8)
 S - a wand of mindburst (2)
Scrolls
 b - 3 scrolls of fear
 i - a scroll of identify
 m - 2 scrolls of teleportation
 n - 2 scrolls of vulnerability
 r - a scroll of poison {unknown}
 y - a scroll of silence {unknown}
 z - a scroll of blinking {unknown}
 I - a scroll of amnesia {unknown}
 V - a scroll of noise {unknown}
 W - a scroll of immolation {unknown}
Potions
 g - a potion of mutation {unknown}
 h - a potion of heal wounds
 q - 2 potions of haste {unknown}
 s - a potion of might {unknown}
 J - a potion of invisibility
 M - 2 potions of lignification
 N - a potion of attraction
 Q - a potion of resistance
 R - 2 potions of enlightenment
 U - a potion of ambrosia


   Skills:
 * Level 6.2 Fighting
 - Level 2.0 Throwing
 - Level 3.0 Armour
 + Level 2.9 Dodging
 - Level 2.0 Stealth
 - Level 6.0 Spellcasting
 - Level 2.0 Conjurations
 - Level 2.0 Necromancy
 - Level 2.0 Fire Magic
 - Level 2.0 Earth Magic
 - Level 2.0 Evocations


You had 19 spell levels left.
You didn't know any spells.
Your spell library contained the following spells:

 Spells                   Type           Power      Damage    Failure   Level
 Sandblast                Erth           22%        2d7       36%         1
 Foxfire                  Conj/Fire      36%        2x1d5     45%         1
 Sublimation of Blood     Necr           11%        N/A       50%         2
 Passwall                 Tmut/Erth      4%         N/A       75%         2
 Wereblood                Tmut           5%         N/A       77%         2
 Stone Arrow              Conj/Erth      18%        3d8       83%         3
 Dazzling Flash           Conj/Hex       10%        N/A       92%         3
 Inner Flame              Hex/Fire       5%         N/A       92%         3
 Animate Armour           Summ/Erth      10%        N/A       100%        4
 Passage of Golubria      Tloc           5%         N/A       100%        4
 Agony                    Necr           11%        N/A       100%        5
 Silence                  Hex/Air        1%         N/A       100%        5
 Summon Forest            Summ/Tloc      1%         N/A       100%        5
 Eringya's Noxious Bog    Tmut/Pois      1%         N/A       100%        6
 Summon Hydra             Summ           2%         N/A       100%        7
 Lehudib's Crystal Spear  Conj/Erth      4%         10d3      100%        8


Dungeon Overview and Level Annotations

Branches:
Dungeon (7/15)             Temple (1/1) D:4

Altars:
Ashenzari
Cheibriados
Dithmenos
Fedhas
Gozag
Hepliaklqana
Kikubaaqudgha
Makhleb
Nemelex Xobeh
Okawaru
Qazlal
Sif Muna
Trog
Uskayaw
Wu Jian
Xom
Yredelemnul

Shops:
D:1 =   D:2 (   D:3 (   D:7 (


Innate Abilities, Weirdness & Mutations

You have a pair of horns on your head.
Your demonic aura sometimes causes spilled blood to erupt in flames.
When seriously injured, your blood forms armour. (AC +6)


Message History

Your blood congeals into armour.
You partially resist.
You feel drained. The wight hits you but does no damage.
The wight closely misses you. You block the wight's attack.
You barely miss the wight. You headbutt the wight.
The wight is almost destroyed.
You hit the wight but do no damage.
The wight hits you from afar with a +0 halberd.
The wight closely misses you. The wight hits you with a +3 scimitar.
You partially resist.
You feel drained. The wight hits you but does no damage.
The wight barely misses you. The wight closely misses you.
The wight hits you with a +3 scimitar. The wight hits you with a +0 flail.
You partially resist.
You feel drained.
You hit the wight but do no damage.
You headbutt the wight, but do no damage.
The wight is almost destroyed.
You hit the wight.
The wight hits you from afar with a +0 halberd.
* * * LOW HITPOINT WARNING * * *
You partially resist.
You feel drained. The wight hits you but does no damage.
The wight barely misses you.
The wight hits you from afar with a +0 spear.
* * * LOW HITPOINT WARNING * * *
You partially resist.
You feel drained.
You closely miss the wight.
You headbutt the wight, but do no damage.
The wight is almost destroyed.
You hit the wight but do no damage.
The wight hits you from afar with a +0 halberd.
* * * LOW HITPOINT WARNING * * *
You partially resist.
You feel drained. You block the wight's attack. The wight barely misses you.
You block the wight's attack. The wight barely misses you.
The wight hits you but does no damage. You block the wight's attack.
The wight hits you with a +0 flail.
* * * LOW HITPOINT WARNING * * *
You partially resist.
You feel drained.
You hit the wight.
You destroy the wight!
You barely miss the wight.
The wight hits you but does no damage. x2
You block the wight's attack. x2; The wight hits you with a +0 flail!
You die...

#........................
#>#.####.#..###.#........
.....................
.###.#....#.#....##.#
.....................
.###.#......#....##.#
#.............##.#
.##.#####...............
.....z.@##...###...###.#
.....z#z.....# #...# #.#
..... #.##...# #.#.###.#
$... ..................#
.......###...#####......
.#####. #...# #.###.. ##
....# #.....# .#..#
#.##... . ..# #.#####


You could see 3 wights.

Vanquished Creatures
  Grinder (D:5)
  2 water moccasins (D:6)
  3 ogres
  A centaur (D:3)
  2 phantoms (D:5)
  2 scorpions
  A wight (D:7)
  A jelly (D:6)
  2 orc priests (D:7)
  4 hounds
  Ijyb (D:3)
  4 orc wizards
  A sleepcap (D:5)
  4 iguanas
  4 adders
  7 gnolls
  2 shadow imps (D:7)
  A white imp (D:6)
  3 dart slugs
  22 orcs
  3 bats
  8 endoplasms
  A giant cockroach (D:1)
  6 goblins
  5 hobgoblins
  4 jackals (D:2)
  5 kobolds
  2 quokkas
  10 ball pythons
  6 frilled lizards
  6 rats
124 creatures vanquished.

Vanquished Creatures (others)
  An orc wizard (D:7)
  3 orcs (D:7)
4 creatures vanquished.

Grand Total: 128 creatures vanquished

Notes
Turn   | Place    | Note
-------+----------+-------------------------------------------
     0 | D:1      | IdlyInterested the Demonspawn Wanderer began the quest for
                  | the Orb.
     0 | D:1      | IdlyInterested set off with the following items: a +0
                  | dagger, a scroll of fear, a +0 robe, a +0 pair of boots;
                  | and the following spells available to memorise: Sandblast,
                  | Foxfire, Inner Flame, Stone Arrow, Animate Armour.
     0 | D:1      | Reached XP level 1. HP: 13/13 MP: 3/3
    78 | D:1      | Found Katoacy's Jewellery Emporium.
    89 | D:1      | Reached skill level 1 in Fighting
   129 | D:1      | Gained mutation: You have a pair of small horns on your
                  | head. [demonic ancestry]
   129 | D:1      | Reached XP level 2. HP: 21/21 MP: 5/5
   263 | D:1      | Reached skill level 1 in Armour
   825 | D:1      | Reached XP level 3. HP: 27/27 MP: 6/6
  1451 | D:2      | Found Wef Egae's Weapon Emporium.
  1754 | D:3      | Noticed a centaur
  1756 | D:3      | Noticed Ijyb
  1758 | D:3      | Reached skill level 1 in Throwing
  1758 | D:3      | Killed a centaur
  1759 | D:3      | Gained mutation: When seriously injured, your blood forms
                  | armour. (AC +6) [demonic ancestry]
  1759 | D:3      | Reached XP level 4. HP: 16/35 MP: 7/7
  1767 | D:3      | Killed Ijyb
  1768 | D:3      | Reached XP level 5. HP: 11/41 MP: 7/9
  1870 | D:3      | Found Nuoghato's Antique Weapon Shoppe.
  2748 | D:4      | Noticed an ogre
  2758 | D:4      | Killed an ogre
  2759 | D:4      | Reached XP level 6. HP: 48/48 MP: 10/10
  2935 | D:4      | Found a staircase to the Ecumenical Temple.
  2949 | Temple   | Entered the Ecumenical Temple
  3035 | D:4      | Found an iron altar of Okawaru.
  3362 | D:5      | Entered Level 5 of the Dungeon
  3695 | D:5      | Gained mutation: Your demonic aura sometimes causes spilled
                  | blood to erupt in flames. [demonic ancestry]
  3695 | D:5      | Reached XP level 7. HP: 55/55 MP: 13/13
  3811 | D:5      | Noticed Grinder
  3818 | D:5      | Paralysed by Grinder for 5 turns
  3831 | D:5      | Paralysed by Grinder for 2 turns
  3836 | D:5      | Killed Grinder
  3837 | D:5      | Reached skill level 5 in Fighting
  3837 | D:5      | Reached skill level 1 in Conjurations
  4361 | D:6      | Reached skill level 5 in Spellcasting
  4361 | D:6      | Gained mutation: You have a pair of horns on your head.
                  | [demonic ancestry]
  4361 | D:6      | Reached XP level 8. HP: 34/62 MP: 15/15
  5548 | D:7      | Found a shadowy altar of Dithmenos.
  5714 | D:7      | Found Sub Effil's Antique Weapon Shop.
  5954 | D:7      | Slain by a wight

Illustrated notes

Levels and vault maps discovered:
D:1:      ebering_trefoil_twist, layout_basic, serial_shops, shop,
          nicolae_titane
D:2:      layout_basic, serial_shops, nicolae_shop_waterfront
D:3:      layout_loops_ring, mainiacjoe_overflow_alcove_2, serial_shops,
          nicolae_shop_hallway_plus, st_stairs_11, grunt_ministairs_2,
          kennysheep_minor_cross, kennysheep_doodads, small_statue_intersection,
          uniq_ijyb
D:4:      layout_rooms, okawaru_metal_pillars_3, minmay_temple_entry_junction
D:5:      layout_loops_corners, uniq_grinder
D:6:      layout_basic
D:7:      layout_basic, fiery_altar_vehumet,
          mainiacjoe_overflow_small_starburst, serial_shops,
          nicolae_shop_tiny_real_fake_doors, serial_bayou_pond_d
Temple:   sentei_temple_godly_chess

Skill      XL: |  1  2  3  4  5  6  7  8 |
---------------+-------------------------+-----
Fighting       | 1 2 3 4 5 6 |  6.2
Armour         | 1 2 3 |  3.0
Throwing       | 1 2 |  2.0
Spellcasting   | 3 4 5 6 |  6.0
Dodging        | 2 |  2.9
Stealth        | 2 |  2.0
Fire Magic     | 2 |  2.0
Earth Magic    | 2 |  2.0
Evocations     | 2 |  2.0
Conjurations   | 2 |  2.0
Necromancy     | 2 |  2.0

Action                     |  1- 3 |  4- 6 |  7- 9 || total
---------------------------+-------+-------+-------++-------
  Melee: Dagger            |    45 |       |       ||    45
         Short sword       |    77 |       |       ||    77
         Headbutt          |    22 |    21 |    45 ||    88
         War axe           |    23 |   146 |   197 ||   366
  Throw: Stone             |       |       |     2 ||     2
  Evoke: Wand              |       |       |     1 ||     1
    Use: Potion            |       |     2 |     1 ||     3
         Scroll            |       |     4 |     4 ||     8
   Stab: Sleeping          |     3 |     3 |     1 ||     7
 Armour: Robe              |    11 |       |       ||    11
         Ring mail         |    62 |     6 |       ||    68
         Leather armour    |       |    75 |   136 ||   211
  Dodge: Dodged            |    63 |    98 |    95 ||   256
  Block: Buckler           |    27 |    37 |     4 ||    68
         Kite shield       |       |       |    82 ||    82

Table legend: (Time is in decaauts)
 A = Elapsed time spent in this place.
 B = Non-inter-level travel time spent in this place.
 C = Inter-level travel time spent in this place.
 D = Time resting spent in this place.
 E = Time spent auto-exploring this place.
 F = Levels seen in this place.
 G = Mean time per level.
                   A        B        C        D        E       F      G
               +--------+--------+--------+--------+--------+-----+--------+
         Total |   6209 |   5407 |    802 |    260 |   3333 |   8 |  776.1 |
       Dungeon |   6191 |   5389 |    802 |    260 |   3333 |   7 |  884.4 |
        Temple |     17 |     17 |      0 |      0 |      0 |   1 |   17.0 |
               +--------+--------+--------+--------+--------+-----+--------+

Top non-repeatable levels by time:
     D:6: 1163 daAuts
     D:1: 1132 daAuts
     D:5: 1047 daAuts
     D:3: 932 daAuts
     D:4: 741 daAuts
     D:2: 710 daAuts
     D:7: 464 daAuts
  Temple: 17 daAuts
